 Dungeon Crawl Stone Soup version 0.29.0-13-gc9e81de378 (webtiles) character file.

Game seed: 3183117058680896387

11822 LynnLen the Covert (level 11, -11/54 HPs)
             Began as a Spriggan Conjurer on Sept 9, 2022.
             Was an Elder of Vehumet.
             Mangled by a catoblepas (14 damage)
             ... while petrified by a catoblepas
             ... on level 1 of the Lair of Beasts.
             The game lasted 01:25:39 (20044 turns).

LynnLen the Covert (Spriggan Conjurer)             Turns: 20044, Time: 01:25:40

Health: -11/54     AC:  4    Str:  3    XL:     11   Next: 54%
Magic:  17/26      EV:  4    Int: 23    God:    Vehumet [****..]
Gold:   669        SH:  0    Dex: 15    Spells: 12/30 levels left

rFire   . . .      SeeInvis +   f - +1 dagger (protect)
rCold   . . .      Faith    .   (no shield)
rNeg    + + +      Spirit   .   a - +2 robe
rPois   ∞          Reflect  .   (helmet restricted)
rElec   .          Harm     +   F - scarf {harm}
rCorr   +          Rampage  .   (gloves unavailable)
Will    +....                   (boots unavailable)
Stlth   +++++.....              (no amulet)
HPRegen 0.18/turn               o - ring of resist corrosion
MPRegen 0.20/turn               q - ring of flight

@: petrified, flying, very quick
A: very small, no large weapons, unfitting armour, see invisible, speed 3
a: Renounce Religion


You were on level 1 of the Lair of Beasts.
You worshipped Vehumet.
Vehumet was greatly pleased with you.
You visited 3 branches of the dungeon, and saw 11 of its levels.
You also visited: Sewer and Ossuary.

You collected 682 gold pieces.
You spent 13 gold pieces at shops.

Inventory:

Hand Weapons
 f - a +1 dagger of protection (weapon)
Armour
 a - a +2 robe (worn)
 s - a +1 cloak
 y - a +1 robe of fire resistance
 F - a scarf of harm (worn)
Jewellery
 g - a ring of positive energy
 j - a ring of fire
 o - a ring of resist corrosion (left hand)
 q - a ring of flight (right hand)
Wands
 u - a wand of light (5)
 E - a wand of charming (5)
 H - a wand of flame (21)
Scrolls
 b - 2 scrolls of immolation
 h - 8 scrolls of teleportation
 l - 3 scrolls of blinking
 m - 3 scrolls of butterflies
 p - a scroll of vulnerability
 r - a scroll of magic mapping
 t - 2 scrolls of fear
 x - a scroll of summoning
 B - a scroll of enchant weapon
 D - a scroll of brand weapon
 I - a scroll of enchant armour
Potions
 c - 5 potions of brilliance
 d - 4 potions of resistance
 e - 5 potions of haste
 i - 2 potions of ambrosia
 k - 3 potions of mutation
 n - 3 potions of flight
 v - a potion of invisibility
 w - 2 potions of heal wounds
 z - a potion of lignification
 A - 3 potions of curing
 C - 2 potions of magic
 G - a potion of berserk rage {unknown}


   Skills:
 + Level 4.8 Fighting
 - Level 2.6 Dodging
 + Level 12.7 Stealth
 + Level 10.0 Spellcasting
 + Level 6.9 Conjurations
 + Level 9.5 Hexes
 - Level 10.0 Translocations


You had 12 spell levels left.
You knew the following spells:

 Your Spells              Type           Power      Damage    Failure   Level
a - Magic Dart            Conj           100%       1d8       1%          1
b - Searing Ray           Conj           86%        2d7       1%          2
c - Dazzling Flash        Conj/Hex       98%        N/A       1%          3
d - Fulminant Prism       Conj/Hex       24%        3d13      1%          4
e - Iskenderun's Mystic   Conj/Tloc      50%        2d11      1%          4
f - Petrify               Tmut/Erth      11%        N/A       50%         4

Your spell library contained the following spells:

 Spells                   Type           Power      Damage    Failure   Level
 Lee's Rapid Deconstruct  Erth           5%         3d7*      36%         5
 Shock                    Conj/Air       100%       1d9       1%          1
 Slow                     Hex            100%       N/A       1%          1
 Confusing Touch          Hex            53%        N/A       1%          3
 Conjure Flame            Conj/Fire      27%        6-21      1%          3
 Sticky Flame             Conj/Fire      27%        2d5       3%          4
 Ignite Poison            Fire/Tmut/Pois 11%        N/A       4%          3
 Sublimation of Blood     Necr           11%        N/A       9%          2
 Irradiate                Conj/Tmut      13%        3d16      11%         5
 Airstrike                Air            5%         2d(1-17)  16%         4
 Swiftness                Air            11%        N/A       17%         3
 Vampiric Draining        Necr           11%        2d6       17%         3
 Borgnjor's Revivificati  Necr           5%         N/A       100%        8
 Necromutation            Tmut/Necr      5%         N/A       100%        8
 Death's Door             Necr           5%         N/A       100%        9


Dungeon Overview and Level Annotations

Branches:
Dungeon (9/15)             Temple (1/1) D:6            Lair (1/5) D:9
    Orc (0/2) D:9           Sewer (visited)         Ossuary (visited)

Altars:
Ashenzari
Cheibriados
Elyvilon
Fedhas
Gozag
Hepliaklqana
Kikubaaqudgha
Makhleb
Nemelex Xobeh
Okawaru
Qazlal
Ru
Sif Muna
Trog
Uskayaw
Vehumet
Wu Jian
Xom
Yredelemnul
Zin
The Shining One

Shops:
D:7 !   D:8 *

Annotations:
D:2 1 runed translucent door, Crazy Yiuf


Innate Abilities, Weirdness & Mutations

You are very small and have problems with some larger weapons.
You are too small for most types of armour.
You have supernaturally acute eyesight. (SInv)
You cover ground extremely quickly. (Speed+++)


Message History

Found a scroll of teleportation.
A catoblepas comes into view.
Found a stone staircase leading down.
You see here a scroll of teleportation.
Aiming: Fulminant Prism (dangerous; 1% risk of failure)
Press: ? - help, Q - select action, (/) - cycle Dir - move target You conjure a prism of explosive energy!
The catoblepas bellows!
A fulminant prism comes into view.
Unknown command.
Your fulminant prism crackles loudly.
Your fulminant prism explodes!
The blast of energy engulfs the catoblepas!!
The catoblepas is moderately wounded.
The catoblepas breathes a plume of calcifying dust at you.
The blast of calcifying dust hits you.
You are engulfed in calcifying dust.
You are slowing down.
Your limbs are stiffening.
Casting: Iskenderun's Mystic Blast (safe; 1% risk of failure)
Press: ? - help, Q - select action, (/) - cycle Dir - look around, f - activate You erupt in a blast of force!
The mystic blast hits the catoblepas!
The catoblepas is heavily wounded.
The catoblepas is knocked back by the mystic blast.
You have turned to stone.
The catoblepas breathes a plume of calcifying dust at you.
The blast of calcifying dust hits you!
You are engulfed in calcifying dust.
The catoblepas gores you!!
You are engulfed in calcifying dust.
The catoblepas breathes a plume of calcifying dust at you.
The blast of calcifying dust hits you.
You are engulfed in calcifying dust.
The catoblepas barely misses you. The catoblepas gores you!!
The catoblepas gores you. The catoblepas gores you!!
* * * LOW HITPOINT WARNING * * *
The catoblepas gores you.
* * * LOW HITPOINT WARNING * * *
The catoblepas gores you!!
You die...

. ####.....# #
..#.#P....## #
..........# # ..........#
# .........## # ##
...###...# .###.## ..
#...## #.....### # .
##.#....###......P. ..
#.........@Y....... .P#
#.........#?.......
............#........ ##
..#.........#........ .#P
.....##..................
... ..#.#
#....#............. ...
..#. #...###....>.......
... . #...# #............
.. ##..........F #


You could see a catoblepas.

Vanquished Creatures
  A two-headed ogre (D:8)
  3 death yaks
  A deep elf pyromancer (D:7)
  A cyclops (D:7)
  A torpor snail (Lair:1)
  A cane toad (Lair:1)
  An unseen horror (D:7)
  A troll (D:6)
  6 blink frogs (Lair:1)
  2 wyverns (D:9)
  4 yaks (D:9)
  Edmund (D:6)
  A warg (D:9)
  An acid dragon (D:7)
  A sky beast (D:7)
  3 water moccasins
  2 ice beasts
  6 orc warriors
  3 ogres (D:5)
  4 wolves (Lair:1)
  A centaur (D:5)
  A kobold brigand (D:7)
  2 phantoms
  12 bullfrogs
  A gnoll sergeant (D:5)
  4 scorpions
  5 water moccasin zombies (Ossuary)
  5 wights
  7 killer bees
  7 howler monkeys
  An iron imp (D:9)
  4 hounds
  5 jellies
  4 orc priests
  Jessica (D:2)
  5 iguanas
  5 orc wizards
  A hell rat (D:9)
  2 mummies (Ossuary)
  3 gnolls (D:5)
  17 adders
  4 river rats
  2 shadow imps (D:6)
  An ufetubus (D:5)
  5 adder zombies (Ossuary)
  4 worms
  2 dart slugs (D:1)
  54 orcs
  2 bats
  5 endoplasms
  A giant cockroach (D:1)
  3 gnoll zombies (Ossuary)
  7 goblins
  9 hobgoblins
  2 jackals (D:1)
  5 kobolds
  3 quokkas
  21 ball pythons
  3 frilled lizards
  5 hobgoblin zombies (Ossuary)
  5 kobold zombies (Ossuary)
  6 orc zombies (Ossuary)
  35 rats
321 creatures vanquished.

Vanquished Creatures (others)
  50 fulminant prisms
  7 fungi
  10 plants (Lair:1)
67 creatures vanquished.

Grand Total: 388 creatures vanquished

Notes
Turn   | Place    | Note
-------+----------+-------------------------------------------
     0 | D:1      | LynnLen the Spriggan Conjurer began the quest for the Orb.
     0 | D:1      | Reached XP level 1. HP: 9/9 MP: 5/5
   548 | D:1      | Reached XP level 2. HP: 9/13 MP: 2/7
  1249 | D:1      | Reached skill level 4 in Stealth
  1250 | D:1      | Reached XP level 3. HP: 16/16 MP: 5/8
  1253 | D:1      | Learned a level 2 spell: Searing Ray
  1257 | D:1      | Learned a level 3 spell: Dazzling Flash
  1629 | D:2      | Noticed Jessica
  1655 | D:2      | Killed Jessica
  1656 | D:2      | Reached skill level 1 in Hexes
  1656 | D:2      | Reached XP level 4. HP: 21/21 MP: 5/10
  2317 | D:2      | Found a runed translucent door.
  2318 | D:2      | Noticed Crazy Yiuf
  2662 | D:3      | Reached skill level 5 in Stealth
  2662 | D:3      | Reached XP level 5. HP: 18/24 MP: 2/12
  2668 | D:3      | Found a glowing drain.
  2685 | Sewer    | Entered a sewer
  4398 | Sewer    | Reached XP level 6. HP: 18/28 MP: 5/13
  4697 | Sewer    | Reached skill level 6 in Stealth
  5140 | D:3      | Learned a level 4 spell: Fulminant Prism
  5145 | D:3      | Learned a level 4 spell: Iskenderun's Mystic Blast
  5254 | D:3      | Found a white marble altar of Elyvilon.
  5367 | D:3      | Found a glowing golden altar of the Shining One.
  5749 | D:4      | Reached skill level 5 in Spellcasting
  5749 | D:4      | Reached skill level 1 in Translocations
  5828 | D:4      | Reached XP level 7. HP: 20/32 MP: 5/15
  5951 | D:4      | You are sucked into a shaft and drop 2 floors!
  6492 | D:6      | Found a staircase to the Ecumenical Temple.
  6500 | D:6      | Reached skill level 7 in Stealth
  6763 | D:5      | Entered Level 5 of the Dungeon
  7393 | D:6      | Noticed Edmund
  7406 | Temple   | Entered the Ecumenical Temple
  7492 | D:6      | Killed Edmund
  7493 | D:6      | Reached XP level 8. HP: 36/36 MP: 14/17
  7869 | D:6      | Noticed a troll
  7913 | D:6      | Killed a troll
  7914 | D:6      | Reached skill level 8 in Stealth
  7914 | D:6      | Reached skill level 5 in Hexes
  9778 | D:5      | Reached skill level 5 in Translocations
  9873 | D:5      | Reached skill level 5 in Conjurations
 10044 | D:5      | Reached skill level 9 in Stealth
 10097 | D:5      | Found a hide-covered altar of Uskayaw.
 10097 | D:5      | Found a radiant altar of Vehumet.
 10115 | D:5      | Became a worshipper of Vehumet
 10444 | D:5      | Reached XP level 9. HP: 39/39 MP: 15/20
 11345 | D:6      | Reached * piety under Vehumet
 11345 | D:6      | Offered knowledge of Freeze by Vehumet.
 11486 | D:7      | Found a large runed translucent door.
 11486 | D:7      | Found a large runed translucent door.
 11499 | D:7      | Found a large runed translucent door.
 11499 | D:7      | Found a large runed translucent door.
 11678 | D:7      | Noticed a deep elf pyromancer
 11692 | D:7      | Reached skill level 1 in Fighting
 11837 | D:7      | Killed a deep elf pyromancer
 11838 | D:7      | Reached skill level 10 in Stealth
 12322 | D:7      | Found an iron altar of Okawaru.
 12486 | D:7      | Found an opulent altar of Gozag.
 12523 | D:7      | Found Xolatico's Distillery.
 12832 | D:7      | Found a broken altar of Ashenzari.
 12951 | D:7      | Noticed an unseen horror
 13084 | D:7      | Killed an unseen horror
 13442 | D:7      | Found a burning altar of Makhleb.
 13566 | D:7      | Noticed a cyclops
 13598 | D:7      | Killed a cyclops
 13599 | D:7      | Reached XP level 10. HP: 47/47 MP: 16/23
 13816 | D:7      | Bought a potion of degeneration for 13 gold pieces
 14395 | D:7      | Offered knowledge of Foxfire by Vehumet.
 14941 | D:8      | Found Haujeoreo's Assorted Antiques.
 14952 | D:8      | Reached ** piety under Vehumet
 15002 | D:8      | Found a blossoming altar of Fedhas.
 15128 | D:8      | Noticed a two-headed ogre
 15140 | D:8      | Found a sand-covered staircase.
 15144 | Ossuary  | Entered an ossuary
 15423 | Ossuary  | Offered knowledge of Inner Flame by Vehumet.
 15643 | D:8      | Reached skill level 11 in Stealth
 15718 | D:8      | Killed a two-headed ogre
 15945 | D:8      | Reached *** piety under Vehumet
 16400 | D:8      | Found an ornate altar of the Wu Jian Council.
 16847 | D:8      | Offered knowledge of Frozen Ramparts by Vehumet.
 17038 | D:9      | Learned a level 4 spell: Petrify
 17783 | D:9      | Found a staircase to the Orcish Mines.
 17928 | D:9      | Found a staircase to the Lair.
 17969 | D:9      | Noticed a death yak
 17969 | D:9      | Noticed a death yak
 18305 | D:9      | Found a shimmering blue altar of Sif Muna.
 18508 | D:9      | Noticed a death yak
 18519 | D:9      | Reached **** piety under Vehumet
 18520 | D:9      | Killed a death yak
 18521 | D:9      | Reached skill level 12 in Stealth
 18521 | D:9      | Reached XP level 11. HP: 36/53 MP: 2/25
 18751 | D:9      | Found a snail-covered altar of Cheibriados.
 18871 | Lair:1   | Entered Level 1 of the Lair of Beasts
 19085 | Lair:1   | Offered knowledge of Lee's Rapid Deconstruction by Vehumet.
 19679 | Lair:1   | Noticed a death yak
 19694 | Lair:1   | Noticed a death yak
 19733 | Lair:1   | Killed a death yak
 19734 | Lair:1   | Reached skill level 10 in Translocations
 19735 | Lair:1   | Killed a death yak
 19769 | Lair:1   | Reached skill level 10 in Spellcasting
 20024 | Lair:1   | Noticed a catoblepas
 20044 | Lair:1   | Mangled by a catoblepas

Illustrated notes

Levels and vault maps discovered:
D:1:      scummos_arrival_simple_fountains, layout_rooms
D:2:      layout_basic, uniq_jessica, uniq_crazy_yiuf_cottage
D:3:      layout_basic, overflow_temple_1_default, marbit_many_paths,
          portal_sewer_entry_b
D:4:      layout_basic, serial_curves, eino_curves_03, eino_curves_02
D:5:      layout_cave_pools, gammafunk_temple_overflow_wave, minmay_diced_spiral
D:6:      layout_gridville, temple_pool_b, minivault_22, minmay_misc_feat_cross,
          uniq_edmund
D:7:      layout_loops_ring, mainiacjoe_overflow_concentric_impassable,
          mainiacjoe_overflow_surrounded_room, makhleb_heckhound_becter,
          amcnicky_altar_gilded, serial_glass, glass_columns_a, glass_columns_a,
          glass_columns_b, glass_columns_b, glass_columns_a, glass_columns_b,
          glass_columns_a, glass_columns_a, glass_columns_a, glass_columns_b,
          amcnicky_mini_pool_small, nicolae_inconvenience_store, eino_curves_04,
          minmay_hollow_rounded_squares
D:8:      layout_loops_cross, kennysheep_mini_moat, kennysheep_little_box,
          enter_ossuary_5, serial_shops, shop, special_room [special_room_orc]
D:9:      layout_rooms, slow_altar_2, tgw_sif, dpeg_lair_monsters, david_orc_3
Temple:   chequers_temple_sunken
Lair:1:   layout_gridlike, nicolae_volcano_entry_lava_flow,
          grunt_forest_small_clearing_treed, uniq_amaemon

Skill      XL: |  1  2  3  4  5  6  7  8  9 10 11 |
---------------+----------------------------------+-----
Conjurations   | 3 4 5 6 |  6.9
Spellcasting   | 3 4 5 7 8 9 10 | 10.0
Stealth        | 4 5 6 7 9 10 12 | 12.7
Hexes          | 1 2 3 4 6 7 8 9 |  9.5
Translocations | 1 3 5 7 9 10 | 10.0
Fighting       | 2 4 |  4.8
Dodging        | |  2.6

Action                   |  1- 3 |  4- 6 |  7- 9 | 10-12 || total
-------------------------+-------+-------+-------+-------++-------
Melee: Unarmed           |     9 |       |       |       ||     9
       Dagger            |    49 |    22 |     6 |     3 ||    80
 Cast: Magic Dart        |    62 |    41 |    51 |    14 ||   168
       Searing Ray       |     1 |    75 |   104 |    52 ||   232
       Dazzling Flash    |       |     1 |     4 |     2 ||     7
       Fulminant Prism   |       |       |     9 |    41 ||    50
       Iskenderun's Myst |       |       |     2 |    57 ||    59
  Use: Scroll            |       |    10 |     7 |     9 ||    26
       Potion            |       |     2 |     1 |     2 ||     5
Armor: Robe              |    12 |    19 |    32 |     9 ||    72
Dodge: Dodged            |    64 |    81 |    79 |    61 ||   285
